 Dungeon Crawl Stone Soup version 0.29-a0-398-ge13fd1374b (webtiles) character file.

Game seed: 11502558041513229382

68 siradein the Chiller (level 4, -8/30 HPs)
             Began as a Demonspawn Ice Elementalist on May 12, 2022.
             Killed by nerve-wracking pain
             ... invoked by an orc priest
              (12 damage)
             ... on level 3 of the Dungeon.
             The game lasted 00:08:00 (2254 turns).

siradein the Chiller (Demonspawn Ice Elementalist)  Turns: 2254, Time: 00:08:01

Health: -8/30      AC:  2    Str:  8    XL:     4   Next: 1%
Magic:  8/8        EV: 12    Int: 19    God:
Gold:   192        SH:  0    Dex: 17    Spells: 2/9 levels left

rFire   . . .      SeeInvis +   s - +4 hand axe
rCold   . . .      Faith    .   (no shield)
rNeg    . . .      Spirit   .   a - +0 robe
rPois   .          Reflect  .   (no helmet)
rElec   .          Harm     .   (no cloak)
rCorr   .          Rampage  .   (no gloves)
Will    .....                   (no boots)
Stlth   ++++......              (no amulet)
HPRegen 0.10/turn               c - ring of see invisible
MPRegen 0.11/turn               (no ring)

@: no status effects
A: thin skeletal structure 2
a: no special abilities


You were on level 3 of the Dungeon.
You visited 1 branch of the dungeon, and saw 3 of its levels.

You collected 192 gold pieces.

Inventory:

Hand Weapons
 s - a +4 hand axe (weapon)
Armour
 a - a +0 robe (worn)
Jewellery
 c - a ring of see invisible (left hand)
 q - a ring of fire
Scrolls
 f - a scroll of poison {unknown}
 j - a scroll of teleportation {unknown}
 k - a scroll of fog {unknown}
 l - a scroll of brand weapon {unknown}
 m - a scroll of immolation
 n - a scroll of identify {unknown}
 o - a scroll of summoning {unknown}
Potions
 b - 3 potions of magic
 e - a potion of flight {unknown}
 g - 2 potions of heal wounds {unknown}
 h - a potion of lignification {unknown}
 i - 4 potions of curing {unknown}
 p - a potion of mutation {unknown}
 r - a potion of resistance {unknown}


   Skills:
 - Level 1.7 Dodging
 - Level 1.7 Stealth
 + Level 3.1 Spellcasting
 + Level 4.4 Ice Magic


You had 2 spell levels left.
You knew the following spells:

 Your Spells              Type           Power      Damage    Failure   Level
a - Freeze                Ice            76%        1d9       2%          1
b - Frozen Ramparts       Ice            38%        1d5       8%          3
c - Ozocubu's Armour      Ice            19%        N/A       8%          3

Your spell library contained the following spells:

 Spells                   Type           Power      Damage    Failure   Level
 Summon Small Mammal      Summ           12%        N/A       16%         1
 Call Canine Familiar     Summ           3%         N/A       41%         3
 Summon Guardian Golem    Hex/Summ       3%         N/A       41%         3
 Hailstorm                Conj/Ice       11%        3d5       52%         4


Dungeon Overview and Level Annotations

Branches:
Dungeon (3/15)

Altars:
Yredelemnul


Innate Abilities, Weirdness & Mutations

You have a moderately thin skeletal structure. (Dex +4, Stealth++)


Message History

HP restored.
You climb downwards.
The ball python bites you. The ball python closely misses you.
The ball python misses you. The ball python closely misses you.
The orc closely misses you.
There is a stone staircase leading up here.
The ball python barely misses you. The ball python misses you.
The orc hits you with a +4 hand axe.
You climb upwards.
There is a stone staircase leading down here.
You freeze the orc!
You kill the orc!
The ball python barely misses you. The ball python grabs you.
The ball python constricts you. The ball python bites you.
The ball python constricts you.
You freeze the ball python.
The ball python is severely wounded.
The ball python seems to slow down.
You freeze the ball python.
You kill the ball python!
You have reached level 4!
You feel clever.
Things that are here:
a +4 hand axe; a +0 leather armour; an orc corpse
s - a +4 hand axe (weapon)
You drop a +0 dagger.
There is a stone staircase leading down here.
You start resting.
Magic restored.
You start resting.
HP restored.
You climb downwards.
The orc priest calls down the wrath of Beogh upon you.
Pain shoots through your body!
The orc priest invokes the aid of Beogh against you.
Beogh smites you!
* * * LOW HITPOINT WARNING * * *
There is a stone staircase leading up, spattered with blood here.
The orc priest mumbles some strange prayers to Beogh against you.
Pain shoots through your body!
You die...

######### ........
......) ..... ...
#.# ###.######
#..@.....#####.
#.........#....
#..............
##..............
......o..o........
#"###.............
# #......))......
................
##..#........=...


You could see 2 orc priests.

Vanquished Creatures
  2 adders (D:2)
  2 orcs
  7 ball pythons
  A bat (D:2)
  5 endoplasms
  A giant cockroach (D:2)
  9 goblins
  4 hobgoblins
  2 quokkas (D:2)
  3 frilled lizards
  3 kobolds
  5 rats
44 creatures vanquished.

Notes
Turn   | Place    | Note
-------+----------+-------------------------------------------
     0 | D:1      | siradein the Demonspawn Ice Elementalist began the quest
                  | for the Orb.
     0 | D:1      | Reached XP level 1. HP: 13/13 MP: 3/3
   284 | D:1      | Gained mutation: You have a somewhat thin skeletal
                  | structure. (Dex +2, Stealth+) [demonic ancestry]
   284 | D:1      | Reached XP level 2. HP: 15/19 MP: 1/5
   806 | D:1      | Reached skill level 4 in Ice Magic
  1095 | D:2      | Found a faded altar of an unknown god.
  1227 | D:2      | Gained mutation: You have a moderately thin skeletal
                  | structure. (Dex +4, Stealth++) [demonic ancestry]
  1227 | D:2      | Reached XP level 3. HP: 24/24 MP: 4/7
  1231 | D:2      | Learned a level 3 spell: Frozen Ramparts
  1235 | D:2      | Learned a level 3 spell: Ozocubu's Armour
  1579 | D:2      | Found a basalt altar of Yredelemnul.
  2134 | D:2      | Reached XP level 4. HP: 18/30 MP: 4/8
  2254 | D:3      | Killed from afar by an orc priest

Illustrated notes

Levels and vault maps discovered:
D:1:      dpeg_arrival_renting, layout_basic
D:2:      layout_rooms, nicolae_ecumenical_lake_church, basic_altar
D:3:      layout_rooms, nicolae_qazlal_style_of_elements, serial_shops, shop

Skill      XL: |  1  2  3 |
---------------+----------+-----
Ice Magic      | 4 |  4.4
Spellcasting   | 3 |  3.1
Dodging        | |  1.7
Stealth        | |  1.7

Action                   |  1- 3 |  4- 6 || total
-------------------------+-------+-------++-------
Melee: Dagger            |     4 |       ||     4
 Cast: Freeze            |    64 |       ||    64
  Use: Scroll            |     1 |       ||     1
Armor: Robe              |     8 |       ||     8
Dodge: Dodged            |    33 |       ||    33

Table legend: (Time is in decaauts)
 A = Elapsed time spent in this place.
 B = Non-inter-level travel time spent in this place.
 C = Inter-level travel time spent in this place.
 D = Time resting spent in this place.
 E = Time spent auto-exploring this place.
 F = Levels seen in this place.
 G = Mean time per level.
                   A        B        C        D        E       F      G
               +--------+--------+--------+--------+--------+-----+--------+
         Total |   2256 |   2202 |     54 |    303 |   1525 |   3 |  752.0 |
       Dungeon |   2256 |   2202 |     54 |    303 |   1525 |   3 |  752.0 |
               +--------+--------+--------+--------+--------+-----+--------+

Top non-repeatable levels by time:
     D:2: 1143 daAuts
     D:1: 1094 daAuts
     D:3: 18 daAuts
